Map: [ESL] Hard Lead

Players

Strange

  • Race: Protoss Protoss
  • League: Grandmaster
  • Spawn Location: 5:00

goblin - Winner!

  • Race: Protoss Protoss
  • League: Grandmaster
  • Spawn Location: 11:00

Event: IEM Katowice 2024

VOD

Have the link to the VOD?

Description

Time

  • Played on: Dec. 7, 2023, 2:20 p.m.
  • Length: 6:08

All games in this series

Show
View Real Time Build Order
Export as new Build Order

Strange Protoss 

Build Orders: Blink Stalkers 

Get SALT Encoding   

  12  0:00  Probe  
  13  0:12  Probe  
  14  0:17  Pylon  
  14  0:24  Probe  
  15  0:35  Gateway  
  15  0:36  Probe (Chrono Boost)  
  16  0:46  Assimilator, Probe (Chrono Boost)  
  17  0:51  Probe (Chrono Boost)  
  17  0:54  Assimilator  
  18  1:03  Probe (Chrono Boost)  
  19  1:07  Gateway  
  19  1:12  Probe (Chrono Boost)  
  19  1:17  Probe (Chrono Boost)  
  20  1:23  Cybernetics Core  
  21  1:29  Probe  
  22  1:34  Pylon  
  22  1:41  Probe  
  23  1:53  Probe  
  24  1:59  Stalker  
  24  2:00  Warp Gate  
  26  2:04  Stalker  
  28  2:13  Pylon  
  28  2:23  Twilight Council  
  28  2:29  Stalker  
  30  2:34  Stalker  
  32  2:46  Gateway  
  32  2:52  Blink (Chrono Boost)  
  32  3:07  Stalker  
  34  3:16  Stalker  
  36  3:22  Pylon  
  36  3:42  Gateway  
  36  3:43  Pylon  
  34  3:54  Stalker  
  34  3:55  Stalker  
  36  3:56  Stalker  
  38  4:19  Stalker x2  
  38  4:20  Stalker  
  44  4:36  Stalker  
  42  4:49  Stalker x2  
  42  4:54  Stalker  
  42  4:59  Stalker  
  39  5:21  Adept x3  
  35  5:29  Stalker  
  37  5:56  Stalker x3  
  39  5:57  Stalker  
Show
View Real Time Build Order
Export as new Build Order

goblin Protoss - Winner!

Build Orders: Phoenix Opening 

Get SALT Encoding   

  12  0:00  Probe  
  13  0:12  Probe  
  14  0:17  Pylon  
  14  0:24  Probe (Chrono Boost)  
  16  0:36  Gateway, Probe (Chrono Boost)  
  16  0:43  Probe (Chrono Boost)  
  16  0:46  Assimilator  
  17  0:51  Probe  
  17  0:54  Assimilator  
  18  1:03  Probe (Chrono Boost)  
  19  1:07  Gateway  
  19  1:12  Probe (Chrono Boost)  
  19  1:17  Probe (Chrono Boost)  
  20  1:24  Cybernetics Core  
  21  1:29  Probe  
  22  1:34  Pylon  
  22  1:41  Probe  
  23  1:53  Probe  
  24  2:00  Sentry, Stalker  
  28  2:01  Warp Gate  
  28  2:06  Probe  
  29  2:09  Pylon  
  29  2:20  Probe  
  30  2:31  Phoenix  
  30  2:33  Nexus  
  30  2:41  Stalker  
  32  2:44  Sentry  
  32  2:50  Probe  
  35  2:54  Pylon  
  35  3:03  Twilight Council  
  35  3:06  Probe  
  35  3:12  Stalker  
  38  3:17  Sentry  
  40  3:24  Robotics Facility  
  40  3:30  Shield Battery  
  40  3:31  Probe  
  37  3:51  Stalker x2, Probe  
  37  3:54  Probe  
  41  4:03  Probe  
  41  4:08  Immortal (Chrono Boost)  
  42  4:15  Stalker  
  42  4:16  Zealot  
  50  4:27  Shield Battery  
  50  4:33  Gateway  
  48  4:41  Immortal (Chrono Boost)  
  48  4:49  Stalker  
  47  4:54  Stalker  
  49  5:05  Probe  
  50  5:18  Immortal (Chrono Boost)  
  46  5:23  Stalker x2  
  54  5:29  Probe x2  
  54  5:31  Pylon  
  56  5:38  Stalker  
  56  5:41  Pylon  
  58  5:44  Shield Battery  
  56  5:56  Probe  

Tags
 
Add a new tag
Caveats
  • Supply blocks, unpowered buildings, or Contaminate may cause inaccurate times.
  • Supply counts are checked every 10 seconds.